 Dungeon Crawl Stone Soup version 0.29-a0-857-g9b1aa3ac5b (webtiles) character file.

Game seed: 8990572632414527319

696 gobodom the Grave Robber (level 7, -1/46 HPs)
             Began as a Demonspawn Necromancer on July 16, 2022.
             Was a Believer of Qazlal.
             Slain by an iguana (6 damage)
             ... on level 5 of the Dungeon.
             The game lasted 00:17:20 (5693 turns).

gobodom the Grave Robber (Demonspawn Necromancer)   Turns: 5693, Time: 00:17:21

Health: -1/46      AC:  2    Str:  8    XL:     7   Next: 37%
Magic:  1/14       EV: 16    Int: 18    God:    Qazlal [**....]
Gold:   161        SH:  7    Dex: 14    Spells: 7/15 levels left

rFire   . . .      SeeInvis .   r - +2 hand axe (vorpal)
rCold   . . .      Faith    .   (no shield)
rNeg    . . .      Spirit   .   a - +0 robe
rPois   .          Reflect  +   (no helmet)
rElec   .          Harm     .   (no cloak)
rCorr   .          Rampage  .   (no gloves)
Will    .....                   (no boots)
Stlth   ++........              h - amulet of reflection
HPRegen 0.15/turn               c - +4 ring of evasion
MPRegen 0.14/turn               e - ring of wizardry

@: animating dead (expiring)
A: hooves 2, demonic magic 1
a: Renounce Religion, Upheaval


You were on level 5 of the Dungeon.
You worshipped Qazlal.
Qazlal was pleased with you.
You visited 1 branch of the dungeon, and saw 5 of its levels.

You collected 161 gold pieces.

Inventory:

Hand Weapons
 l - a +0 dagger of venom
 r - a +2 vorpal hand axe (weapon)
Missiles
 o - 5 atropa-tipped darts
Armour
 a - a +0 robe (worn)
Jewellery
 c - a +4 ring of evasion (left hand)
 e - a ring of wizardry (right hand)
 h - an amulet of reflection (around neck)
 p - an amulet of guardian spirit
Wands
 v - a wand of quicksilver (1)
Scrolls
 d - a scroll of summoning {unknown}
 f - 4 scrolls of identify {unknown}
 g - 2 scrolls of amnesia
 m - 3 scrolls of teleportation {unknown}
 q - a scroll of fear {unknown}
 s - a scroll of poison {unknown}
 t - a scroll of magic mapping {unknown}
Potions
 b - 3 potions of lignification {unknown}
 i - 2 potions of mutation {unknown}
 j - a potion of degeneration {unknown}
 k - 4 potions of curing {unknown}
 n - a potion of heal wounds {unknown}
 u - a potion of haste {unknown}


   Skills:
 + Level 0.3 Fighting
 + Level 0.3 Axes
 + Level 2.3 Dodging
 + Level 2.8 Stealth
 + Level 0.2 Shields
 + Level 0.2 Unarmed Combat
 + Level 4.7 Spellcasting
 + Level 7.2 Necromancy
 * Level 2.5 Invocations


You had 7 spell levels left.
You knew the following spells:

 Your Spells              Type           Power      Damage    Failure   Level
a - Necrotise             Necr           100%       1d9       1%          1
b - Vampiric Draining     Necr           30%        2d8       1%          3
c - Animate Dead          Necr           30%        N/A       2%          4

Your spell library contained the following spells:

 Spells                   Type           Power      Damage    Failure   Level
 Slow                     Hex            16%        N/A       6%          1
 Agony                    Necr           30%        N/A       8%          5
 Confusing Touch          Hex            4%         N/A       16%         3
 Ozocubu's Armour         Ice            4%         N/A       16%         3
 Metabolic Englaciation   Hex/Ice        2%         N/A       80%         5
 Simulacrum               Ice/Necr       8%         N/A       86%         6


Dungeon Overview and Level Annotations

Branches:
Dungeon (5/15)
 Temple: D:4-7

Altars:
Gozag
Qazlal


Innate Abilities, Weirdness & Mutations

You have hoof-like feet.
Spells you cast may paralyse adjacent enemies.


Message History

Casting: Vampiric Draining (safe; 1% risk of failure)
Confirm with . or Enter, or press ? or * to list all spells.
You don't have enough magic to cast this spell.
Casting: Vampiric Draining (safe; 1% risk of failure)
Confirm with . or Enter, or press ? or * to list all spells.
Aiming: Necrotise (safe; 1% risk of failure)
Press: ? - help, Shift-Dir - straight line, f/p - iguana
Aim: an iguana (heavily wounded, chance to affect: 88%)
The iguana writhes in agony.
Malevolent energies surge around you. You block the iguana's attack.
You hit the iguana but do no damage.
The iguana is severely wounded.
You hit the iguana. The iguana barely misses you.
The iguana closely misses you.
You hit the iguana.
The iguana is almost dead.
You barely miss the iguana. You block the iguana's attack.
The iguana misses you.
You barely miss the iguana.
The iguana is almost dead.
You closely miss the iguana. The iguana bites you.
You block the iguana's attack.
You barely miss the iguana. Your punch misses the iguana.
The iguana is almost dead.
You hit the iguana but do no damage. You block the iguana's attack.
The iguana closely misses you. x2; The iguana completely misses you.
You closely miss the iguana.
The iguana is almost dead.
You hit the iguana but do no damage.
Your reaping aura is weakening.
The iguana bites you. The iguana bites you!
* * * LOW HITPOINT WARNING * * *
Casting: Necrotise (safe; 1% risk of failure)
Confirm with . or Enter, or press ? or * to list all spells.
Aiming: Necrotise (safe; 1% risk of failure)
Press: ? - help, Shift-Dir - straight line, f/p - iguana
Aim: an iguana (almost dead, chance to affect: 88%)
The iguana writhes in agony.
Malevolent energies surge around you.
The iguana suddenly stops moving!
The iguana bites you.
You die...

#...###.# ...
###..##.####.#####
#.)##..........
##.##.........
#...........
##.........#
##..###..######
##..###....... ..
##.#l@.# ## ..>.
#.#l##...$..
.....#.#)##.#####
#...h(...!....
##............
#............
#.###........ #.
......... ..
##.......


You could see 2 iguanas.

Vanquished Creatures
  An ogre (D:5)
  6 orc priests
  A jelly (D:3)
  An iguana (D:4)
  Ijyb (D:4)
  Terence (D:2)
  An orc wizard (D:4)
  6 adders
  8 gnolls
  An ufetubus (D:4)
  2 worms
  2 dart slugs
  16 orcs
  9 ball pythons
  9 endoplasms
  A giant cockroach (D:2)
  5 goblins
  7 hobgoblins
  3 jackals (D:2)
  9 kobolds
  3 quokkas
  6 bats
  2 frilled lizards
  3 orc zombies (D:4)
  5 rats
  A spectral goblin (D:1)
110 creatures vanquished.

Vanquished Creatures (collateral kills)
  An orc priest (D:3)
  A gnoll (D:4)
  An adder (D:2)
  A hobgoblin (D:3)
  A ball python (D:1)
  A frilled lizard (D:3)
6 creatures vanquished.

Vanquished Creatures (others)
  An ogre zombie (D:5)
1 creature vanquished.

Grand Total: 117 creatures vanquished

Notes
Turn   | Place    | Note
-------+----------+-------------------------------------------
     0 | D:1      | gobodom the Demonspawn Necromancer began the quest for the
                  | Orb.
     0 | D:1      | Reached XP level 1. HP: 13/13 MP: 3/3
   209 | D:1      | Gained mutation: You have large cloven feet. [demonic
                  | ancestry]
   209 | D:1      | Reached XP level 2. HP: 19/19 MP: 0/5
   849 | D:1      | Found a faded altar of an unknown god.
   873 | D:1      | Reached skill level 5 in Necromancy
  1113 | D:2      | Gained mutation: You have hoof-like feet. [demonic
                  | ancestry]
  1113 | D:2      | Reached XP level 3. HP: 15/24 MP: 1/6
  1486 | D:2      | Learned a level 3 spell: Vampiric Draining
  1767 | D:2      | Noticed Terence
  1773 | D:2      | Found a stormy altar of Qazlal.
  1780 | D:2      | Killed Terence
  1781 | D:2      | Reached XP level 4. HP: 18/30 MP: 0/8
  1916 | D:2      | Became a worshipper of Qazlal Stormbringer
  2364 | D:3      | Reached skill level 6 in Necromancy
  2364 | D:3      | Gained mutation: Spells you cast may paralyse adjacent
                  | enemies. [demonic ancestry]
  2364 | D:3      | Reached XP level 5. HP: 10/35 MP: 5/9
  2777 | D:3      | Reached * piety under Qazlal
  2781 | D:3      | Reached XP level 6. HP: 38/41 MP: 0/11
  3944 | D:4      | Reached ** piety under Qazlal
  4120 | D:4      | Found an opulent altar of Gozag.
  4166 | D:4      | Reached skill level 1 in Invocations
  4350 | D:4      | Found a stormy altar of Qazlal.
  4395 | D:4      | Noticed Ijyb
  4410 | D:4      | Killed Ijyb
  4411 | D:4      | Reached XP level 7. HP: 27/46 MP: 3/13
  4556 | D:4      | Learned a level 4 spell: Animate Dead
  4731 | D:4      | Reached skill level 7 in Necromancy
  5630 | D:5      | Entered Level 5 of the Dungeon
  5693 | D:5      | Slain by an iguana

Illustrated notes

Levels and vault maps discovered:
D:1:      minmay_arrival_jagged, layout_basic,
          dreamdust_ecumenical_altar_drowned_temple,
          minmay_misc_feat_more_columns, serial_park_tiny_1
D:2:      minmay_chambers_of_ones, layout_basic, basic_altar,
          grunt_decor_resistance, uniq_terence
D:3:      layout_basic
D:4:      layout_basic, nicolae_qazlal_scattered_showers,
          mainiacjoe_overflow_boulevard, kennysheep_decorative_pillar, uniq_ijyb
D:5:      minmay_chambers_of_fours, layout_rooms, grunt_dithmenos_smoke

Skill      XL: |  1  2  3  4  5  6  7 |
---------------+----------------------+-----
Necromancy     | 5 6 7 |  7.2
Dodging        | 2 |  2.3
Spellcasting   | 3 4 |  4.7
Stealth        | 2 |  2.8
Invocations    | 1 2 |  2.5
Fighting       | |  0.3
Axes           | |  0.3
Shields        | |  0.2
Unarmed Combat | |  0.2

Action                   |  1- 3 |  4- 6 |  7- 9 || total
-------------------------+-------+-------+-------++-------
Melee: Unarmed           |    27 |       |       ||    27
       Kick              |    13 |    14 |     7 ||    34
       Dagger            |    11 |    18 |       ||    29
       Punch             |       |     1 |       ||     1
       Hand axe          |       |    20 |    29 ||    49
 Cast: Necrotise         |    68 |    96 |    10 ||   174
       Vampiric Draining |     1 |    12 |     5 ||    18
       Animate Dead      |       |       |     2 ||     2
  Use: Scroll            |     1 |       |       ||     1
       Potion            |       |     1 |       ||     1
 Stab: Paralysed         |       |    11 |     3 ||    14
Armor: Robe              |     4 |     9 |     2 ||    15
Dodge: Dodged            |    33 |    59 |    15 ||   107
Block: Other             |    11 |    28 |    12 ||    51
       Reflection        |       |     3 |       ||     3

Table legend: (Time is in decaauts)
 A = Elapsed time spent in this place.
 B = Non-inter-level travel time spent in this place.
 C = Inter-level travel time spent in this place.
 D = Time resting spent in this place.
 E = Time spent auto-exploring this place.
 F = Levels seen in this place.
 G = Mean time per level.
                   A        B        C        D        E       F      G
               +--------+--------+--------+--------+--------+-----+--------+
         Total |   5715 |   5546 |    169 |   1005 |   3735 |   5 | 1143.0 |
       Dungeon |   5715 |   5546 |    169 |   1005 |   3735 |   5 | 1143.0 |
               +--------+--------+--------+--------+--------+-----+--------+

Top non-repeatable levels by time:
     D:4: 1759 daAuts
     D:3: 1559 daAuts
     D:2: 1342 daAuts
     D:1: 987 daAuts
     D:5: 67 daAuts
